 Dungeon Crawl Stone Soup version bcrawl-1.28.1b (webtiles) character file.

Game seed: 8763803770626485144

194973 Morbidden the Destroyer (level 9, -1/51 (52) HPs)
             Began as a Skeleton Conjurer on Dec 16, 2020.
             Slain by an orc warrior
             ... wielding a +0 short sword
              (15 damage)
             ... on level 7 of the Dungeon.
             The game lasted 00:14:22 (9054 turns).

Morbidden the Destroyer (Skeleton Conjurer)         Turns: 9054, Time: 00:14:23

HP:   -1/51 (52)    AC: 12    Str: 16      XL:     9   Next: 22%
MP:   0/22          EV: 11    Int: 16      God:
Gold: 577           SH:  0    Dex:  8 (9)  Spells: 21/27 levels left

rFire    . . .     SeeInvis .   d - +0 war axe
rCold    + . .     Gourm    .   (no shield)
rNeg     + + +     Faith    .   g - +1 plate armour
rPois    ∞         Spirit   +   k - +0 helmet
rElec    .         Reflect  .   (no cloak)
rCorr    .         Harm     .   (no gloves)
MR       +....                  (no boots)
Stlth    ..........             (no amulet)
HPRegen  0.17/turn              h - +4 ring of evasion
MPRegen  0.18/turn              n - ring of wizardry

@: no status effects
A: no food or potions, cold resistance 1, deterioration 1, negative energy
resistance 3, powered by death 1, torment resistance, unbreathing, magic shield,
sturdy frame 1, spell healing
a: no special abilities


You were on level 7 of the Dungeon.
You were not hungry.

You visited 1 branch of the dungeon, and saw 7 of its levels.
You also visited: Sewer and Ossuary.

You collected 577 gold pieces.

Inventory:

Hand Weapons
 d - a +0 war axe (weapon)
Armour
 a - a +0 robe (quivered)
 g - a +1 plate armour (worn)
 k - a +0 helmet (worn)
Jewellery
 h - a +4 ring of evasion (left hand)
 n - a ring of wizardry (right hand)
Wands
 i - a wand of scattershot (3)
Scrolls
 b - 4 scrolls of immolation
 c - a scroll of enchant armour
 e - 3 scrolls of fear
 f - 8 scrolls of remove curse
 j - 3 scrolls of teleportation
 l - 4 scrolls of identify
 m - a scroll of blinking
 o - 2 scrolls of magic mapping
 p - a scroll of enchant weapon {unknown}
 q - a scroll of torment {unknown}


   Skills:
 * Level 3.7 Fighting
 * Level 3.8 Axes
 + Level 1.8 Armour
 * Level 4.5 Dodging
 + Level 3.3 Stealth
 * Level 9.5 Spellcasting
 * Level 10.0 Conjurations


You had 21 spell levels left.
You knew the following spells:

 Your Spells              Type           Power        Failure   Level  Hunger
a - Magic Dart            Conj           ####         1%          1    N/A
b - Searing Ray           Conj           #####...     2%          2    N/A
c - Iskenderun's Mystic   Conj           #####...     6%          3    N/A

Your spell library contained the following spells:

 Spells                   Type           Power        Failure   Level  Hunger
 Fulminant Prism          Conj/Hex       ###.......   77%         4    N/A
 Irradiate                Conj/Tmut      ###.......   98%         5    N/A

Dungeon Overview and Level Annotations

Branches:
Dungeon (7/12)
 Temple: D:4-7         Lair: D:7-9

Altars:
Ru
Xom

Shops:
D:5 =

Annotations:
D:3 Grinder
D:6 1 runed door


Innate Abilities, Weirdness & Mutations

You do not eat or drink.
You are immune to poison.
Your flesh is cold resistant. (rC+)
Your body sometimes deteriorates upon taking damage.
You are immune to negative energy. (rN+++)
You regenerate a little health from kills.
You are immune to unholy pain and torment.
You can survive without breathing.
When hurt, damage is shared between your health and your magic reserves.
Your movements are slightly less encumbered by armour. (ER -2)
Casting spells heals you.


Message History

The burst of metal fragments hits the orc warrior but does no damage.
The burst of metal fragments hits the phantom.
The burst of metal fragments hits the orc warrior but does no damage.
The orc warrior is lightly wounded.
The phantom is almost destroyed.
The orc warrior barely misses you.
No path to travel!
You slash the orc warrior!
The orc warrior is heavily wounded.
The orc warrior hits you with a +0 short sword!
Your body deteriorates!
You feel clumsy.
You hit the orc warrior.
The orc warrior is heavily wounded.
The orc warrior hits you with a +0 short sword!
You slash the orc warrior!
The orc warrior is almost dead.
The orc warrior hits you with a +0 short sword.
* * * LOW HITPOINT WARNING * * *
The orc warrior hits you with a +0 short sword!
You die...

...#.....#..#.....#....
..###...###....##.#....
#.....#.....##.#....
...........##......
...........####.#..
#...............###
#.#<#...........#
#.###...........#
#.@.#..##.#######
###o#...#.# #....†o...#
#'.....[...#
##.........#
#......)..# #.........#
#........># #........##


You could see an orc warrior.

Vanquished Creatures
  A hippogriff (D:7)
  An ice beast (D:5)
  A sky beast (D:5)
  4 ogres
  3 phantoms
  3 centaurs
  2 bullfrogs (Sewer)
  A gnoll sergeant (D:7)
  3 wights (D:7)
  A crimson imp (D:4)
  A centaur zombie (D:4)
  2 jellies (D:5)
  3 hounds
  An orc wizard (D:7)
  An orc priest (D:7)
  A bullfrog skeleton (D:5)
  2 iguanas
  2 worker ants
  A big kobold zombie (Ossuary)
  A hound skeleton (D:7)
  A worker ant zombie (D:5)
  3 mummies (Ossuary)
  Robin (D:3)
  4 gnolls (D:7)
  13 adders
  10 oozes
  An adder skeleton (D:4)
  3 worms
  2 dart slugs
  14 leopard geckos
  14 orcs
  6 ball pythons
  8 bats
  13 giant cockroaches
  9 goblins
  8 hobgoblins
  4 jackals
  12 kobolds
  6 quokkas
  13 frilled lizards
  3 goblin zombies (Ossuary)
  4 hobgoblin zombies
  4 kobold zombies (Ossuary)
  2 quokka zombies (Ossuary)
  5 rats (D:1)
  5 rat zombies (Ossuary)
203 creatures vanquished.

Notes
Turn   | Place    | Note
-------+----------+-------------------------------------------
     0 | D:1      | Morbidden the Skeleton Conjurer began the quest for the
                  | Orb.
     0 | D:1      | Reached XP level 1. HP: 10/10 MP: 4/4
    24 | D:1      | Reached skill level 5 in Conjurations
   383 | D:1      | Reached XP level 2. HP: 15/15 MP: 0/6
   598 | D:1      | Learned a level 2 spell: Searing Ray
  1079 | D:1      | Reached XP level 3. HP: 19/19 MP: 5/7
  1154 | D:1      | Found a shimmering altar of Xom.
  1376 | D:2      | Reached skill level 6 in Conjurations
  1427 | D:2      | Learned a level 3 spell: Iskenderun's Mystic Blast
  2321 | D:3      | Reached XP level 4. HP: 24/24 MP: 5/9
  2546 | D:3      | Reached skill level 1 in Fighting
  2643 | D:3      | Found a glowing drain.
  2652 | Sewer    | Entered a sewer
  2824 | Sewer    | Reached XP level 5. HP: 29/29 MP: 7/11
  3274 | Sewer    | Reached skill level 5 in Spellcasting
  3406 | Sewer    | Reached skill level 7 in Conjurations
  3406 | Sewer    | Gained mutation: You regenerate a little health from kills.
                  | [Skeleton growth]
  3406 | Sewer    | Reached XP level 6. HP: 35/35 MP: 10/14
  4230 | D:3      | Noticed Robin
  4244 | D:3      | Killed Robin
  4245 | D:3      | Reached skill level 1 in Axes
  4521 | D:4      | Found a sacrificial altar of Ru.
  4603 | D:4      | Reached XP level 7. HP: 38/39 MP: 10/16
  4812 | D:4      | Noticed Grinder
  4818 | D:4      | Paralysed by Grinder for 4 turns
  4839 | D:3      | Paralysed by Grinder for 4 turns
  5211 | D:4      | Reached skill level 8 in Conjurations
  5693 | D:5      | Entered Level 5 of the Dungeon
  5771 | D:5      | Found Mena's Jewellery Shop.
  5815 | D:5      | Reached XP level 8. HP: 45/45 MP: 12/19
  5844 | D:5      | Found a sand-covered staircase.
  5854 | Ossuary  | Entered an ossuary
  6670 | D:5      | Reached skill level 9 in Conjurations
  7937 | D:6      | Found a runed door.
  8535 | D:7      | Reached skill level 1 in Armour
  8639 | D:7      | Reached XP level 9. HP: 36/51 MP: 2/22
  9036 | D:7      | Reached skill level 10 in Conjurations
  9054 | D:7      | Slain by an orc warrior

Skill      XL: |  1  2  3  4  5  6  7  8  9 |
---------------+----------------------------+-----
Conjurations   | 5 6 7 8 9 10 | 10.0
Fighting       | 1 2 3 |  3.7
Spellcasting   | 4 5 6 7 9 |  9.5
Dodging        | 3 4 |  4.5
Axes           | 1 2 3 |  3.8
Stealth        | 3 |  3.3
Armour         | 1 |  1.8

Action                   |  1- 3 |  4- 6 |  7- 9 || total
-------------------------+-------+-------+-------++-------
Melee: Unarmed           |    15 |    10 |       ||    25
       War axe           |       |     9 |    35 ||    44
 Cast: Magic Dart        |    90 |   146 |   140 ||   376
       Searing Ray       |     4 |     7 |    33 ||    44
       Iskenderun's Myst |       |     3 |     7 ||    10
Evoke: Wand              |       |     1 |     1 ||     2
  Use: Scroll            |       |     5 |     6 ||    11
Armor: Plate armour      |     9 |       |    40 ||    49
       Robe              |     2 |     8 |     8 ||    18
       Chain mail        |       |       |     5 ||     5
Dodge: Dodged            |    21 |    83 |    96 ||   200
